 Dungeon Crawl Stone Soup version 0.30-a0-870-gc5d4c5acee (webtiles) character file.

Game seed: 7714246121799307851

92 112233 the Cudgeller (level 5, -2/38 (45) HPs)
             Began as a Meteoran Reaver on Mar 11, 2023.
             Was an Initiate of Sif Muna.
             Killed from afar by a steam dragon (15 damage)
             ... with a ball of steam
             ... on level 6 of the Dungeon.
             The game lasted 00:03:45 (379 turns).

112233 the Cudgeller (Meteoran Reaver)               Turns: 379, Time: 00:03:46

HP:   -2/38 (45)    AC:  3    Str: 13    XL:     5   Next: 14%
MP:   11/11         EV: 12    Int: 16    God:    Sif Muna [......]
Gold: 21            SH:  0    Dex: 13    Spells: 7/10 levels left

rFire   . . .      SeeInvis .    a - +0 mace
rCold   . . .      Faith    .    (no shield)
rNeg    . . .      Spirit   .    b - +0 leather armour
rPois   .          Reflect  .    (no helmet)
rElec   .          Rampage  .    (no cloak)
rCorr   .          Clarity  +    (no gloves)
Will    .....                    (no boots)
Stlth   +                        (no amulet)
HPRegen 0.26/turn                (no ring)
MPRegen 0.12/turn                (no ring)

@: glowing, heavily drained, unable to read
A: sense surroundings 1, otherworldly, glowing, explore regen, clarity,
inability to read after injury 1
a: Renounce Religion


You were on level 6 of the Dungeon.
You worshipped Sif Muna.
Sif Muna was noncommittal.
You visited 1 branch of the dungeon, and saw 6 of its levels.

You collected 21 gold pieces.

Inventory:

Hand Weapons
 a - a +0 mace (weapon)
Missiles
 c - 5 curare-tipped darts
Armour
 b - a +0 leather armour (worn)
Scrolls
 d - a scroll of amnesia {unknown}
 g - a scroll of identify {unknown}


   Skills:
 + Level 3.0 Fighting
 + Level 4.7 Maces & Flails
 + Level 3.3 Dodging
 + Level 3.4 Spellcasting
 + Level 4.2 Conjurations


You had 7 spell levels left.
You knew the following spells:

 Your Spells              Type           Power      Damage    Failure   Level
a - Kiss of Death         Conj/Necr      36%        2d8       10%         1
b - Momentum Strike       Conj/Tloc      18%        3d8       14%         2

Your spell library contained the following spells:

 Spells                   Type           Power      Damage    Failure   Level
 Hailstorm                Conj/Ice       9%         3d4       28%         3


Dungeon Overview and Level Annotations

Branches:
Dungeon (6/15) Zot: 3209
 Temple: D:4-7

Altars:
Sif Muna

Annotations:
D:5 Eustachio


Innate Abilities, Weirdness & Mutations

You passively map a small area around you.
You are easily found by Zot.
You glow in the dark.
You regain HP and MP as you explore.
You possess an exceptional clarity of mind.
You occasionally lose the ability to read scrolls when taking damage.


Message History

The white imp hits you. The white imp freezes you.
You hit the white imp but do no damage.
The white imp is severely wounded.
The white imp gestures at you. The puff of frost hits you.
* * * LOW HITPOINT WARNING * * *
You hit the white imp.
You kill the white imp!
Sif Muna accepts your kill.
Your Fighting skill increases to level 3!
Unknown command.
Found 6 gold pieces.
A steam dragon comes into view.
The steam dragon hisses angrily.
You see here 6 gold pieces.
Okay, then.
You feel better. The steam dragon breathes steam at you.
The ball of steam hits you!
* * * LOW HITPOINT WARNING * * *
Unknown command.
Okay, then.
Unknown command.
It was a potion of mutation.
You feel extremely strange.
Your thoughts seem clearer.
You occasionally lose the ability to read scrolls when taking damage.
Unknown command.
Casting: Kiss of Death (safe; 10% risk of failure)
Confirm with . or Enter, or press ? or * to list all spells.
Aiming: Kiss of Death (safe; 10% risk of failure)
Press: ? - help, Shift-Dir - straight line, f - steam dragon
Aim: a steam dragon (100% to hit)
The negative energy hits the steam dragon.
The steam dragon is drained!
The steam dragon is lightly wounded.
You feel drained. The steam dragon breathes steam at you.
The ball of steam hits you!
You feel threatened and lose the ability to read scrolls!
You die...

#.......# ,
*,#.<.#, , *
,#...# , , #.#.#
, + ** , #.#.#, ,
*, ,#.#.# , * , *
*,*,#.#.. *
#.############
#.........@D.# ,
*
#...##########$#,
,#.#..,
.....D§.#,, ,
###### #########
* * , * , , ** **
, , , * , , , , ,


You could see a steam dragon (catching breath, drained).

Vanquished Creatures
  A scorpion (D:4)
  An adder (D:4)
  A white imp (D:6)
  A dart slug (D:3)
  An orc (D:5)
  3 endoplasms
  A goblin (D:3)
  4 jackals (D:3)
  A kobold (D:2)
  A ball python (D:2)
15 creatures vanquished.

Notes
Turn   | Place    | Note
-------+----------+-------------------------------------------
     0 | D:1      | 112233 the Meteoran Reaver began the quest for the Orb.
     0 | D:1      | Reached XP level 1. HP: 17/17 MP: 5/5
    71 | D:3      | Reached XP level 2. HP: 21/24 MP: 6/6
   150 | D:3      | Found a shimmering blue altar of Sif Muna.
   159 | D:3      | Became a worshipper of Sif Muna the Loreminder
   185 | D:3      | You fall into a shaft and drop 1 floor!
   239 | D:4      | Noticed a scorpion
   258 | D:4      | Reached XP level 3. HP: 30/30 MP: 5/8
   260 | D:4      | Killed a scorpion
   261 | D:4      | Reached XP level 4. HP: 18/37 MP: 2/10
   261 | D:4      | Reached XP level 5. HP: 22/44 MP: 2/11
   291 | D:5      | Entered Level 5 of the Dungeon
   324 | D:5      | Noticed Eustachio
   345 | D:6      | Learned a level 2 spell: Momentum Strike
   374 | D:6      | Noticed a steam dragon
   378 | D:6      | Gained mutation: You possess an exceptional clarity of
                  | mind. [potion of mutation]
   378 | D:6      | Gained mutation: You occasionally lose the ability to read
                  | scrolls when taking damage. [potion of mutation]
   379 | D:6      | Killed from afar by a steam dragon

Illustrated notes

Levels and vault maps discovered:
D:1:      wander_arrival_desolate, layout_basic
D:2:      layout_basic
D:3:      layout_loops_ring, nicolae_sif_muna_little_library,
          gammafunk_temple_overflow_pools, minmay_lizard_king
D:4:      layout_basic
D:5:      layout_gridville, minmay_temple_entry_drinking_statues, uniq_ijyb,
          uniq_eustachio, uniq_prince_ribbit1
D:6:      layout_basic, dreamdust_wishing_well

Skill      XL: |  1  2  3  4  5 |
---------------+----------------+-----
Spellcasting   | 3 |  3.4
Dodging        | 3 |  3.3
Conjurations   | 4 |  4.2
Fighting       | 3 |  3.0
Maces & Flails | |  4.7

Action                     |  1- 3 |  4- 6 || total
---------------------------+-------+-------++-------
  Melee: Mace              |    43 |    25 ||    68
         Punch             |     1 |       ||     1
   Cast: Kiss of Death     |     3 |     1 ||     4
    Use: Potion            |     1 |     2 ||     3
 Armour: Leather armour    |    14 |     4 ||    18
  Dodge: Dodged            |    26 |    11 ||    37

Table legend: (Time is in decaauts)
 A = Elapsed time spent in this place.
 B = Non-inter-level travel time spent in this place.
 C = Inter-level travel time spent in this place.
 D = Time resting spent in this place.
 E = Time spent auto-exploring this place.
 F = Levels seen in this place.
 G = Mean time per level.
                   A        B        C        D        E       F      G
               +--------+--------+--------+--------+--------+-----+--------+
         Total |    389 |    243 |    146 |      0 |      0 |   6 |   64.8 |
       Dungeon |    389 |    243 |    146 |      0 |      0 |   6 |   64.8 |
               +--------+--------+--------+--------+--------+-----+--------+

Top non-repeatable levels by time:
     D:3: 138 daAuts
     D:4: 108 daAuts
     D:5: 51 daAuts
     D:2: 48 daAuts
     D:6: 39 daAuts
     D:1: 4 daAuts
